 Dungeon Crawl Stone Soup version 0.29.1-12-g30fa7ad0bf (webtiles) character file.

Game seed: 796487540606187882

58 fantasyman the Covered (level 3, -2/31 HPs)
             Began as a Demigod Fighter on Jan 9, 2023.
             Killed by divine providence
             ... invoked by an orc priest
              (11 damage)
             ... on level 3 of the Dungeon.
             The game lasted 00:01:30 (1716 turns).

fantasyman the Covered (Demigod Fighter)            Turns: 1716, Time: 00:01:30

Health: -2/31      AC:  6    Str: 21    XL:     3   Next: 51%
Magic:  5/5        EV:  9    Int: 10    God:
Gold:   179        SH:  4    Dex: 13    Spells: 2/2 levels left

rFire   . . .      SeeInvis .   a - +0 war axe
rCold   . . .      Faith    .   c - +0 buckler
rNeg    . . .      Spirit   .   b - +0 scale mail
rPois   .          Reflect  .   (no helmet)
rElec   .          Harm     .   (no cloak)
rCorr   .          Rampage  .   (no gloves)
Will    .....                   (no boots)
Stlth   ..........              (no amulet)
HPRegen 0.10/turn               (no ring)
MPRegen 0.09/turn               (no ring)

@: hasted, invisible, very quick
A: high MP 1, forlorn, divine attributes
a: no special abilities


You were on level 3 of the Dungeon.
You visited 1 branch of the dungeon, and saw 3 of its levels.

You collected 179 gold pieces.

Inventory:

Hand Weapons
 a - a +0 war axe (weapon)
Armour
 b - a +0 scale mail (worn)
 c - a +0 buckler (worn)
Jewellery
 o - an amulet of magic regeneration
Scrolls
 g - a scroll of identify {unknown}
 h - a scroll of vulnerability {unknown}
 i - 2 scrolls of poison {unknown}
 j - 2 scrolls of torment {unknown}
 k - a scroll of teleportation {unknown}
 l - a scroll of butterflies {unknown}
 m - a scroll of silence {unknown}
Potions
 d - a potion of might
 e - a potion of invisibility
 n - a potion of degeneration {unknown}


   Skills:
 + Level 3.1 Fighting
 + Level 2.6 Axes
 + Level 3.2 Armour
 - Level 0.2 Stealth
 + Level 2.8 Shields


You had 2 spell levels left.
You didn't know any spells.
Your spell library was empty.

Dungeon Overview and Level Annotations

Branches:
Dungeon (3/15)


Innate Abilities, Weirdness & Mutations

You have an increased reservoir of magic. (+10% MP)
You shall have no god before yourself.
Your divine heritage dramatically boosts your attributes as you level up.


Message History

You slash the goblin!
You kill the goblin!
A bat comes into view.
A bat is nearby!
Things that are here:
a +0 dagger; a +0 sling The bat hits you but does no damage.
A bat is nearby!
You closely miss the bat. The bat barely misses you.
A bat is nearby!
You slash the bat!
You kill the bat!
Key pressed, stopping explore.
No target in view!
HP restored.
e - 2 cyan potions (gained 1)
You open the door.
A frilled lizard, 2 orc priests and 3 orcs come into view.
The orc priest shouts!
The frilled lizard hisses angrily.
The orc shouts!
The orc priest shouts!
You hear a shout! x2
The orc priest casts a cantrip, but nothing happens.
The orc priest invokes the aid of Beogh against you.
Beogh smites you!
The orc throws a boomerang.
The boomerang barely misses you.
The orc moves out of view.
Found a spear.
The orc priest mumbles some strange prayers to Beogh against you.
Beogh smites you!
It was a potion of invisibility.
You fade into invisibility!
It was a potion of haste.
You feel yourself speed up. The orc hits you with a +0 war axe.
* * * LOW HITPOINT WARNING * * *
You slash the orc!
You kill the orc!
Things that are here:
a +0 war axe; an orc corpse You closely miss the orc priest.
The orc priest mumbles some strange prayers to Beogh against you.
Beogh smites you!
You die...

## #.# #.# .# #.# #.#
.# #.########.#####
.# #..............#
.# #..............#
.#####..............#
.....)).............+
.....)<.............#
................@...#
.......########o#####
.......# .o. .......#
#.l.. .......# #.o..
+####### #...) .....
##....


You could see an orc priest (unable to see you), 2 orcs and a frilled lizard
(unable to see you).

Vanquished Creatures
  4 dart slugs
  4 orcs (D:3)
  3 endoplasms
  A giant cockroach (D:1)
  5 goblins
  A hobgoblin (D:2)
  2 jackals (D:1)
  9 ball pythons
  8 bats
  A frilled lizard (D:2)
  5 kobolds
  3 rats (D:1)
46 creatures vanquished.

Notes
Turn   | Place    | Note
-------+----------+-------------------------------------------
     0 | D:1      | fantasyman the Demigod Fighter began the quest for the Orb.
     0 | D:1      | Reached XP level 1. HP: 18/18 MP: 3/3
   312 | D:1      | Reached XP level 2. HP: 24/25 MP: 4/4
  1114 | D:2      | Reached XP level 3. HP: 26/31 MP: 5/5
  1716 | D:3      | Killed from afar by an orc priest

Illustrated notes

Levels and vault maps discovered:
D:1:      amcnicky_arrival_choice, layout_loops_cross, minmay_pentomino_t2
D:2:      layout_rooms, hellmonk_ecumenical_altar_leap_of_faith
D:3:      layout_basic, lemuel_round_altar

Skill      XL: |  1  2 |
---------------+-------+-----
Fighting       | 3 |  3.1
Axes           | 2 |  2.6
Armour         | 3 |  3.2
Stealth        | |  0.2
Shields        | |  2.8

Action                   || total
-------------------------++-------
Melee: War axe           ||   131
  Use: Potion            ||     2
Armor: Scale mail        ||    90
Dodge: Dodged            ||    69
Block: Buckler           ||    38
